 Dungeon Crawl Stone Soup version 0.31-a0-150-g89dc3ad700 (webtiles) character file.

Game seed: 7677141251516480415

3624 qw the Skirmisher (level 9, -9/82 HPs)
             Began as a Minotaur Hunter on June 8, 2023.
             Mangled by Erica
             ... wielding a +1 scimitar of flaming
              (11 damage)
             ... on level 8 of the Dungeon.
             The game lasted 00:02:53 (7119 turns).

qw the Skirmisher (Minotaur Hunter)                 Turns: 7119, Time: 00:02:53

Health: -9/82      AC:  9    Str: 17    XL:     9   Next: 87%
Magic:  0/8        EV: 19    Int:  6    God:
Gold:   368        SH:  0    Dex: 17    Spells: 8/8 levels left

rFire   . . .        Y - +0 orcbow
rCold   + . .        (shield currently unavailable)
rNeg    . . .        j - +2 leather armour {rC+}
rPois   .            m - +1 hat
rElec   .            q - +2 cloak
rCorr   .            (no gloves)
SInv    .            (no boots)
Will    +....        a - amulet of guardian spirit
Stlth   ++           e - ring of willpower
HPRegen 0.33/turn    f - +5 ring of evasion
MPRegen 0.11/turn

%: guardian spirit
@: no status effects
A: horns 2, retaliatory headbutt
a: no special abilities


You were on level 8 of the Dungeon.
You visited 2 branches of the dungeon, and saw 9 of its levels.

You collected 467 gold pieces.
You spent 99 gold pieces at shops.


Innate Abilities, Weirdness & Mutations

You have a pair of horns on your head.
You reflexively headbutt those who attack you in melee.


   Skills:
 + Level 8.7 Fighting
 - Level 13.0 Ranged Weapons
 - Level 2.4 Armour
 - Level 5.2 Dodging
 - Level 0.7 Stealth


You had 8 spell levels left.
You didn't know any spells.
Your spell library was empty.

Inventory:

Hand Weapons
 Y - a +0 orcbow (weapon)
Armour
 j - a +2 leather armour of cold resistance (worn)
 m - a +1 hat (worn)
 q - a +2 cloak (worn)
Jewellery
 a - an amulet of guardian spirit (around neck)
 d - a ring of ice
 e - a ring of willpower (left hand)
 f - a +5 ring of evasion (right hand)
 g - an amulet of the acrobat
Wands
 k - a wand of digging (7)
Scrolls
 b - 3 scrolls of identify
Potions
 c - a potion of attraction {unknown}
 h - a potion of curing
 i - a potion of mutation
 p - a potion of resistance

Dungeon Overview and Level Annotations

Branches:
Dungeon (8/15)             Temple (1/1) D:7
   Lair: D:8-11

Altars:
Ashenzari
Cheibriados
Dithmenos
Elyvilon
Gozag
Hepliaklqana
Kikubaaqudgha
Makhleb
Nemelex Xobeh
Qazlal
Ru
Sif Muna
Trog
Vehumet
Wu Jian
Yredelemnul
Zin
The Shining One

Shops:
D:6 ?

Annotations:
D:8 Erica, Gastronok


Message History

You are confused.
Erica casts a spell.
Erica flickers and vanishes!
Deactivating autopickup; reactivate with Ctrl-A.
You can move again.
You shoot an arrow.
You hear a zap.
Something tries to affect you, but you resist.
You shoot an arrow. Something hits you. Something burns you.
You shoot an arrow. Something hits you! Something burns you.
You shoot an arrow. You shoot an arrow.
You feel less confused.
You hear some strange, mumbled words.
A lance of force appears from out of thin air!
The lance of force hits you!
You are knocked back by the lance of force.
You shoot an arrow. You shoot an arrow. You shoot an arrow. You shoot an arrow.
You shoot an arrow. Something hits you! Something burns you.
You shoot an arrow. Something closely misses you.
You shoot an arrow. Something hits you. Something burns you.
You shoot an arrow. You shoot an arrow. Something hits you!
Something burns you.
You shoot an arrow.
You hear some strange, mumbled words.
Something tries to affect you, but you resist.
You shoot an arrow. Something hits you but does no damage.
You shoot an arrow. Something hits you!
You die...

######### ########## #%%....@. ..
.........## #%# #. #########.#.##
#.# #. #........###.# #.# #.
#.####.##.#.####.# ### #.
#.....#...).....{#### ##.## ##.
#.##.##.###.....@.<.###...#####..
#.##..#.# #.......#.............#
#.##.#..###.#####.#..............
#.##.##.....#####..............#.
......................#...###..#.
#.###.###...##....#..#.#.## #..#.
#.###.# #.#..P...P..#.#### #..#.
#....>###.#7~~~~.~~.[.# #..#.
............7~~.~7~~..# #....


There were no monsters in sight!

Vanquished Creatures
  A hornet (D:8)
  Grum (D:8)
  2 vampire mosquitoes (D:7)
  2 water moccasins (D:7)
  A sky beast (D:7)
  3 black bears
  An ice beast (D:7)
  3 wolves (D:8)
  2 centaurs
  A kobold brigand (D:8)
  2 bullfrogs (D:7)
  9 wights
  10 killer bees
  3 electric eels
  A howler monkey (D:5)
  2 quasits (D:5)
  4 orc priests
  A hound (D:4)
  A gnoll bouda (D:6)
  Ijyb (D:4)
  An iguana (D:5)
  Terence (D:3)
  5 orc wizards
  7 gnolls
  10 adders
  A shadow imp (D:5)
  5 white imps
  2 ufetubi
  2 worms
  2 dart slugs
  13 orcs
  2 bats
  6 endoplasms
  4 giant cockroaches
  6 goblins
  4 hobgoblins
  5 kobolds
  2 quokkas
  7 ball pythons
  A frilled lizard (D:3)
  9 rats
146 creatures vanquished.

Vanquished Creatures (others)
  An orc wizard (D:5)
1 creature vanquished.

Grand Total: 147 creatures vanquished

Notes
Turn   | Place    | Note
-------+----------+-------------------------------------------
     0 | D:1      | qw the Minotaur Hunter began the quest for the Orb.
     0 | D:1      | Reached XP level 1. HP: 18/18 MP: 0/0
     0 | D:1      | 0 ||| qw: Version: 0.2-a-119-g0488c42
     0 | D:1      | 0 ||| qw: Game counter: 2712
     0 | D:1      | 0 ||| qw: Always use a shield: true
     0 | D:1      | 0 ||| qw: God list: Okawaru
     0 | D:1      | 0 ||| qw: Allow faded altars: false
     0 | D:1      | 0 ||| qw: Do Orc after D:15 true
     0 | D:1      | 0 ||| qw: Do second Lair branch before Depths: true
     0 | D:1      | 0 ||| qw: Lair rune preference: random
     0 | D:1      | 0 ||| qw: Plans: Normal
     0 | D:1      | 0 ||| PLANNING D:1-11
    78 | D:1      | Reached XP level 2. HP: 25/25 MP: 1/1
   129 | D:1      | Reached skill level 5 in Ranged Weapons
   392 | D:1      | Found a faded altar of an unknown god.
   495 | D:1      | 495 ||| READING scroll labelled LUINEPHOYVE.
   496 | D:1      | 496 ||| READING scroll labelled TAUTAE PIMNAIX.
   497 | D:1      | 497 ||| DROPPING scroll of butterflies.
   541 | D:2      | Reached skill level 3 in Fighting
   671 | D:2      | Reached XP level 3. HP: 31/31 MP: 2/2
   898 | D:2      | 898 ||| UPGRADING to amulet of guardian spirit.
   903 | D:2      | 903 ||| UPGRADING to ring of willpower.
   904 | D:2      | 904 ||| UPGRADING to +5 ring of evasion.
   905 | D:2      | 905 ||| READING 3 scrolls labelled BOELLAUSCHO.
  1194 | D:3      | Noticed Terence
  1198 | D:3      | Killed Terence
  1199 | D:3      | Reached skill level 6 in Ranged Weapons
  1199 | D:3      | Reached XP level 4. HP: 38/38 MP: 3/3
  1385 | D:3      | Found an opulent altar of Gozag.
  1655 | D:3      | Reached XP level 5. HP: 46/46 MP: 4/4
  1958 | D:3      | 1958 ||| UPGRADING to +0 ring mail.
  1968 | D:3      | 1968 ||| DROPPING +0 leather armour.
  1969 | D:3      | 1969 ||| READING 2 scrolls of identify.
  1969 | D:3      | 1969 ||| IDENTIFYING murky white potion
  1971 | D:4      | Noticed a water elemental
  1971 | D:4      | Found a stormy altar of Qazlal.
  1976 | D:4      | Noticed an air elemental
  2002 | D:4      | Reached skill level 1 in Armour
  2027 | D:4      | Noticed a black bear
  2036 | D:4      | Killed a black bear
  2037 | D:4      | Reached skill level 7 in Ranged Weapons
  2037 | D:4      | Reached XP level 6. HP: 39/52 MP: 3/5
  2184 | D:4      | 2184 ||| Stepping ~*~*~tactically~*~*~ (outnumbered).
  2353 | D:4      | Noticed Ijyb
  2372 | D:4      | Killed Ijyb
  2373 | D:4      | Reached skill level 8 in Ranged Weapons
  2642 | D:4      | Noticed a fire elemental
  2646 | D:4      | 2646 ||| UPGRADING to +2 leather armour of cold resistance.
  2656 | D:4      | 2656 ||| DROPPING +0 ring mail.
  2657 | D:4      | 2657 ||| UPGRADING to +1 hat.
  2662 | D:4      | 2662 ||| READING scroll labelled YPLEG RYURCH.
  2663 | D:4      | 2663 ||| READING scroll labelled HOSTIPNA AMNA.
  2664 | D:4      | 2664 ||| DRINKING 2 sedimented amethyst potions.
  2695 | D:5      | Entered Level 5 of the Dungeon
  2710 | D:5      | Reached XP level 7. HP: 60/61 MP: 6/6
  2725 | D:5      | 2725 ||| FLEEEEING.
  2726 | D:5      | 2726 ||| FLEEEEING.
  2727 | D:5      | 2727 ||| FLEEEEING.
  2732 | D:5      | 2732 ||| STAIRDANCE
  2769 | D:5      | 2769 ||| Stepping ~*~*~tactically~*~*~ (outnumbered).
  2921 | D:5      | 2921 ||| Stepping ~*~*~tactically~*~*~ (outnumbered).
  2926 | D:5      | Reached skill level 3 in Dodging
  3284 | D:5      | 3284 ||| DRINKING 2 silvery potions.
  3327 | D:6      | Reached skill level 9 in Ranged Weapons
  3331 | D:6      | 3331 ||| STAIRDANCE
  3489 | D:6      | 3489 ||| STAIRDANCE
  3492 | D:5      | Reached skill level 6 in Fighting
  3651 | D:6      | Reached XP level 8. HP: 68/70 MP: 7/7
  3720 | D:6      | 3720 ||| Stepping ~*~*~tactically~*~*~ (outnumbered).
  3721 | D:6      | 3721 ||| Stepping ~*~*~tactically~*~*~ (outnumbered).
  3725 | D:6      | 3725 ||| FLEEEEING.
  3726 | D:6      | 3726 ||| FLEEEEING.
  3776 | D:6      | Reached skill level 10 in Ranged Weapons
  3872 | D:6      | 3872 ||| SWAPPING to +0 orcbow.
  3873 | D:6      | 3873 ||| DROPPING +0 shortbow of freezing.
  4048 | D:6      | Found a sparkling altar of Nemelex Xobeh.
  4343 | D:6      | Found Ogujoexo's Magic Scroll Emporium.
  4358 | D:6      | 4358 ||| BUYING scroll of identify (22 gold).
  4358 | D:6      | Bought a scroll of identify for 22 gold pieces
  4358 | D:6      | 4358 ||| BUYING scroll of identify (22 gold).
  4358 | D:6      | Bought a scroll of identify for 22 gold pieces
  4358 | D:6      | 4358 ||| BUYING scroll of identify (22 gold).
  4358 | D:6      | Bought a scroll of identify for 22 gold pieces
  4358 | D:6      | 4358 ||| BUYING scroll of teleportation (33 gold).
  4358 | D:6      | Bought a scroll of teleportation for 33 gold pieces
  4447 | D:6      | Found a shadowy altar of Dithmenos.
  4494 | D:6      | 4494 ||| UPGRADING to +2 cloak.
  4499 | D:6      | 4499 ||| DRINKING 2 puce potions.
  4500 | D:6      | 4500 ||| READING 4 scrolls of identify.
  4500 | D:6      | 4500 ||| IDENTIFYING white potion
  4501 | D:6      | 4501 ||| READING 3 scrolls of identify.
  4501 | D:6      | 4501 ||| IDENTIFYING fuming emerald potion
  4502 | D:6      | 4502 ||| READING 2 scrolls of identify.
  4502 | D:6      | 4502 ||| IDENTIFYING fizzy grey potion
  4503 | D:6      | 4503 ||| DROPPING potion of enlightenment.
  4504 | D:6      | 4504 ||| DROPPING potion of magic.
  4505 | D:6      | 4505 ||| DROPPING potion of invisibility.
  4653 | D:7      | Found a staircase to the Ecumenical Temple.
  4654 | D:7      | 4654 ||| PLANNING TEMPLE
  4654 | D:7      | 4654 ||| READING scroll labelled YQORAO JAGILUK.
  4672 | Temple   | Entered the Ecumenical Temple
  4840 | Temple   | 4840 ||| PLANNING D:1-11
  5023 | D:7      | Reached skill level 11 in Ranged Weapons
  5151 | D:7      | Found a sacrificial altar of Ru.
  5260 | D:7      | Reached XP level 9. HP: 65/79 MP: 6/8
  5730 | D:7      | 5730 ||| READING scroll labelled TIUNET MABLURI.
  5731 | D:7      | 5731 ||| READING scroll labelled UDGHANW ZEOC.
  5732 | D:7      | 5732 ||| READING 4 scrolls of identify.
  5732 | D:7      | 5732 ||| IDENTIFYING metallic orange potion
  5733 | D:7      | 5733 ||| DROPPING potion of berserk rage.
  5783 | D:8      | 5783 ||| PLANNING OSSUARY
  5834 | D:8      | Paralysed by a hornet for 1 turns
  5836 | D:8      | HP: 16/79 [hornet (11)]
  5837 | D:8      | 5837 ||| READING 2 scrolls of teleportation.
  5837 | D:8      | HP: 7/79 [poisoned by a hornet]
  5838 | D:8      | 5838 ||| DRINKING 2 potions of heal wounds.
  5857 | D:8      | 5857 ||| FLEEEEING.
  5858 | D:8      | 5858 ||| FLEEEEING.
  5862 | D:8      | 5862 ||| STAIRDANCE
  5970 | D:7      | 5970 ||| READING 3 scrolls of identify.
  5970 | D:7      | 5970 ||| IDENTIFYING glowing cyan potion
  5971 | D:7      | 5971 ||| DROPPING potion of brilliance.
  5980 | D:8      | Reached skill level 12 in Ranged Weapons
  6104 | D:8      | Noticed Grum
  6138 | D:8      | Killed Grum
  6325 | D:8      | 6325 ||| FLEEEEING.
  6369 | D:8      | 6369 ||| FLEEEEING.
  6370 | D:8      | 6370 ||| FLEEEEING.
  6397 | D:8      | 6397 ||| FLEEEEING.
  6444 | D:8      | 6444 ||| FLEEEEING.
  6445 | D:8      | 6445 ||| FLEEEEING.
  6446 | D:8      | 6446 ||| FLEEEEING.
  6447 | D:8      | 6447 ||| FLEEEEING.
  6491 | D:8      | 6491 ||| Stepping ~*~*~tactically~*~*~ (water).
  6517 | D:8      | Noticed Gastronok
  6529 | D:8      | HP: 15/81 [Gastronok (21)]
  6530 | D:8      | 6530 ||| READING scroll of teleportation.
  6531 | D:8      | 6531 ||| DRINKING potion of heal wounds.
  6531 | D:8      | HP: 3/81 [Gastronok (30)]
  6546 | D:8      | 6546 ||| RIP OSSUARY
  6594 | D:8      | 6594 ||| PLANNING D:1-11
  6854 | D:8      | Found a shimmering blue altar of Sif Muna.
  6873 | D:8      | HP: 14/81 [Gastronok (13)]
  6874 | D:8      | 6874 ||| READING scroll of teleportation.
  7084 | D:8      | Reached skill level 13 in Ranged Weapons
  7085 | D:8      | Noticed Erica
  7087 | D:8      | 7087 ||| Stepping ~*~*~tactically~*~*~ (outnumbered).
  7098 | D:8      | Paralysed by Erica for 4 turns
  7112 | D:8      | HP: 18/82 [something (7)]
  7116 | D:8      | HP: 3/82 [something (7)]
  7116 | D:8      | HP: 1/82 [something (2)]
  7119 | D:8      | Mangled by Erica

Levels and vault maps discovered:
D:1:      elethiomel_arrival_quiet, layout_rooms,
          nicolae_ecumenical_snake_handling
D:2:      layout_rooms, serial_park_tiny_1
D:3:      layout_loops_corners, grunt_gozag_statues, uniq_terence
D:4:      layout_rooms, nicolae_qazlal_style_of_elements, uniq_ijyb
D:5:      layout_rooms, serial_demonic, serial_demonic_e, serial_demonic_a,
          serial_demonic_c, serial_demonic_e, serial_demonic_b
D:6:      layout_cave_pods, nemelex_diamond_rough_becter, grunt_dithmenos_smoke,
          serial_shops, shop, kennysheep_cluttered_room
D:7:      layout_loops_corners, mainiacjoe_overflow_paths,
          minmay_temple_entry_drinking_statues, minivault_19,
          hangedman_decor_push, nicolae_titane
D:8:      layout_loops_ring, kennysheep_little_box,
          nicolae_ossuary_entry_false_entrances, serial_bayou_pond_b,
          kennysheep_path_1, uniq_erica, uniq_grum, uniq_gastronok,
          uniq_prince_ribbit1
Temple:   nicolae_temple_slightly_damp_pantheon

Skill      XL: |  1  2  3  4  5  6  7  8  9 |
---------------+----------------------------+-----
Ranged Weapons | 5 6 7 8 9 11 13 | 13.0
Fighting       | 3 4 5 6 7 8 |  8.7
Armour         | 1 2 |  2.4
Dodging        | 3 4 5 |  5.2
Stealth        | |  0.7

Action                     |  1- 3 |  4- 6 |  7- 9 || total
---------------------------+-------+-------+-------++-------
   Fire: Shortbow          |    99 |   140 |   147 ||   386
         Orcbow            |       |       |   292 ||   292
    Use: Scroll            |     3 |     3 |    11 ||    17
         Potion            |       |     1 |     4 ||     5
 Armour: Leather armour    |    12 |     7 |    46 ||    65
         Ring mail         |       |    14 |       ||    14
  Dodge: Dodged            |    29 |    84 |   225 ||   338

Table legend:
 A = Non-vault XP
 B = Vault XP
 C = Vault XP percentage of total XP
 D = Non-vault monster count
 E = Vault monster count
 F = Vault count percentage of total count
                 A         B        C        D         E       F
            +---------+---------+-------+---------+---------+-------
      Total |    4090 |    1088 |  21.0 |     131 |      16 |  10.9
            +---------+---------+-------+---------+---------+-------
        D:1 |      20 |       3 |  13.0 |      12 |       2 |  14.3
        D:2 |      37 |       0 |   0.0 |      15 |       0 |   0.0
        D:3 |     161 |      36 |  18.3 |      25 |       1 |   3.8
        D:4 |     408 |      38 |   8.5 |      14 |       1 |   6.7
        D:5 |     483 |     130 |  21.2 |      16 |       6 |  27.3
        D:6 |     655 |       0 |   0.0 |      20 |       0 |   0.0
        D:7 |    1442 |       0 |   0.0 |      14 |       0 |   0.0
        D:8 |     884 |     881 |  49.9 |      15 |       6 |  28.6
            +---------+---------+-------+---------+---------+-------
